 Dungeon Crawl Stone Soup version 0.28.0-53-g5a82cb258f (webtiles) character file.

Game seed: 10571438083108835758

100 Gabide the Ducker (level 4, -12/61 HPs)
             Began as a Gnoll Monk on May 30, 2022.
             Was a Priest of Fedhas.
             Blown up by Ijyb (15 damage)
             ... with a mindburst bolt
             ... on level 3 of the Dungeon.
             The game lasted 00:02:56 (1778 turns).

Gabide the Ducker (Gnoll Monk)                      Turns: 1778, Time: 00:02:57

Health: -12/61     AC: 22    Str: 10    XL:     4   Next: 74%
Magic:  5/5        EV:  2    Int: 10    God:    Fedhas [***...]
Gold:   92         SH:  0    Dex: 22    Spells: 5/5 levels left

rFire   . . .      SeeInvis .   g - +0 trident
rCold   . . .      Faith    .   (no shield)
rNeg    . . .      Spirit   .   (armour currently unavailable)
rPois   +          Reflect  .   (helmet currently unavailable)
rElec   .          Harm     .   (cloak currently unavailable)
rCorr   .          Rampage  .   (gloves currently unavailable)
Will    .....      NoTele   +   (boots currently unavailable)
Stlth   +++.......              (no amulet)
HPRegen 0.20/turn               h - +6 ring of dexterity
MPRegen 0.09/turn               (no ring)

@: tree-form, attractive, hasted, very quick
A: stationary, stasis, torment immunity, boosted hp, (fangs 1), strong nose,
distributed training
a: Renounce Religion, Wall of Briars, Grow Ballistomycete


You were on level 3 of the Dungeon.
You worshipped Fedhas.
Fedhas was most pleased with you.
You were a tree.
You visited 1 branch of the dungeon, and saw 3 of its levels.

You collected 92 gold pieces.

Inventory:

Hand Weapons
 a - a +0 spear
 g - a +0 trident (weapon)
Missiles
 i - 2 poisoned darts (quivered)
Armour
 b - a +0 robe (melded)
 d - a +0 pair of boots (melded)
Jewellery
 h - a +6 ring of dexterity (left branch)
Scrolls
 e - a scroll of fog {unknown}
 k - a scroll of enchant weapon {unknown}


   Skills:
 + Level 6.6 Fighting
 + Level 1.2 Short Blades
 + Level 1.2 Long Blades
 + Level 1.2 Axes
 + Level 1.2 Maces & Flails
 + Level 6.6 Polearms
 + Level 1.2 Staves
 + Level 1.2 Slings
 + Level 1.2 Bows
 + Level 1.2 Crossbows
 + Level 1.2 Throwing
 + Level 1.2 Armour
 + Level 6.6 Dodging
 + Level 4.3 Stealth
 + Level 1.2 Shields
 + Level 1.2 Unarmed Combat
 + Level 1.2 Spellcasting
 + Level 1.0 Conjurations
 + Level 1.0 Hexes
 + Level 1.0 Summonings
 + Level 1.0 Necromancy
 + Level 1.0 Translocations
 + Level 1.0 Transmutations
 + Level 1.0 Fire Magic
 + Level 1.0 Ice Magic
 + Level 1.0 Air Magic
 + Level 1.0 Earth Magic
 + Level 1.0 Poison Magic
 + Level 1.3 Invocations
 + Level 1.2 Evocations


You had 5 spell levels left.
You didn't know any spells.
Your spell library contained the following spells:

 Spells                   Type           Power      Damage    Failure   Level
 Dazzling Flash           Conj/Hex       4%         N/A       54%         3
 Iskenderun's Mystic Bla  Conj/Tloc      2%         2d3       91%         4
 Starburst                Conj/Fire      1%         6d3       100%        6


Dungeon Overview and Level Annotations

Branches:
Dungeon (3/15)

Altars:
Ashenzari
Fedhas

Annotations:
D:3 Ijyb


Innate Abilities, Weirdness & Mutations

You are a tree.
Your roots penetrate the ground, keeping you stationary.
You cannot be teleported.
You are immune to unholy pain and torment.
Your maximum health is greatly increased.
Your equipment is partially melded.
((You have very sharp teeth.))
Your uncanny sense of smell can sniff out nearby items.
Your experience applies equally to all skills.


Message History

Ijyb hits you with a +0 dagger.
* * * LOW HITPOINT WARNING * * *
You closely miss Ijyb.
Ijyb is moderately wounded.
The adder bites you but does no damage.
A hobgoblin comes into view. It is wielding a +0 club.
The hobgoblin is attracted toward you.
The hobgoblin shouts!
You hit Ijyb.
Ijyb is moderately wounded.
The quokka bites you but does no damage.
The adder bites you but does no damage. Ijyb hits you but does no damage.
The hobgoblin is attracted toward you.
You hit Ijyb.
Ijyb is heavily wounded.
The quokka bites you but does no damage.
The adder bites you.
* * * LOW HITPOINT WARNING * * *
You feel better. Ijyb hits you but does no damage.
The hobgoblin hits you with a +0 club.
* * * LOW HITPOINT WARNING * * *
The quokka bites you.
* * * LOW HITPOINT WARNING * * *
You aren't carrying any potions.
You aren't carrying any items that you can evoke.
You puncture Ijyb!
Ijyb is almost dead.
The adder bites you but does no damage. Ijyb hits you but does no damage.
You hit Ijyb but do no damage.
Ijyb is almost dead.
The quokka bites you but does no damage.
The hobgoblin hits you but does no damage.
The adder bites you but does no damage.
You barely miss Ijyb.
Ijyb is almost dead.
The quokka bites you.
* * * LOW HITPOINT WARNING * * *
Ijyb zaps a wand.
Your mind is blasted!
You die...
Fedhas appreciates your contribution to the ecosystem.

#.#. ..# ###.. ..##
.......... ........ .
###..#..###.#
....#..(((.r ## ###
#.......... .. ...
#gg#...<...
..####.######.♣#...##..
.............rSB......
....#+#.##.#......#[..
. #.....##.#..#.###
#...(.##.#..#...
#.)[..##.#..#.##..∆ ∆
#...).##....... .
#)#+#..........
#........#...##.


You could see Ijyb, an adder, a quokka, a giant cockroach and a hobgoblin.

Vanquished Creatures
  An orc priest (D:3)
  2 adder skeletons (D:2)
  A worm (D:2)
  2 dart slugs
  2 orcs (D:3)
  3 endoplasms (D:1)
  5 goblins
  7 hobgoblins
  3 jackals (D:1)
  4 quokkas
  4 ball pythons
  6 bats
  2 frilled lizards
  8 kobolds
  3 rats
53 creatures vanquished.

Notes
Turn   | Place    | Note
-------+----------+-------------------------------------------
     0 | D:1      | Gabide the Gnoll Monk began the quest for the Orb.
     0 | D:1      | Reached XP level 1. HP: 23/23 MP: 1/1
   199 | D:1      | Reached XP level 2. HP: 22/29 MP: 2/2
   412 | D:1      | Found a faded altar of an unknown god.
   602 | D:1      | Prayed at the altar of an unknown god.
   602 | D:1      | Became a worshipper of Fedhas Madash
   602 | D:1      | Reached * piety under Fedhas
   602 | D:1      | Reached ** piety under Fedhas
   643 | D:1      | Reached XP level 3. HP: 33/35 MP: 3/3
   771 | D:1      | Reached *** piety under Fedhas
   971 | D:2      | Reached skill level 1 in Invocations
   973 | D:2      | Found a broken altar of Ashenzari.
  1166 | D:2      | Reached skill level 1 in Short Blades
  1166 | D:2      | Reached skill level 1 in Long Blades
  1166 | D:2      | Reached skill level 1 in Axes
  1166 | D:2      | Reached skill level 1 in Maces & Flails
  1166 | D:2      | Reached skill level 1 in Staves
  1166 | D:2      | Reached skill level 1 in Slings
  1166 | D:2      | Reached skill level 1 in Bows
  1166 | D:2      | Reached skill level 1 in Crossbows
  1166 | D:2      | Reached skill level 1 in Throwing
  1166 | D:2      | Reached skill level 1 in Armour
  1166 | D:2      | Reached skill level 1 in Shields
  1166 | D:2      | Reached skill level 1 in Unarmed Combat
  1166 | D:2      | Reached skill level 1 in Spellcasting
  1166 | D:2      | Reached skill level 1 in Evocations
  1263 | D:2      | Reached XP level 4. HP: 39/41 MP: 5/5
  1699 | D:3      | Reached skill level 1 in Conjurations
  1699 | D:3      | Reached skill level 1 in Hexes
  1699 | D:3      | Reached skill level 1 in Summonings
  1699 | D:3      | Reached skill level 1 in Necromancy
  1699 | D:3      | Reached skill level 1 in Translocations
  1699 | D:3      | Reached skill level 1 in Transmutations
  1699 | D:3      | Reached skill level 1 in Fire Magic
  1699 | D:3      | Reached skill level 1 in Ice Magic
  1699 | D:3      | Reached skill level 1 in Air Magic
  1699 | D:3      | Reached skill level 1 in Earth Magic
  1699 | D:3      | Reached skill level 1 in Poison Magic
  1758 | D:3      | Noticed Ijyb
  1771 | D:3      | HP: 3/61 [Ijyb/+0 dagger (3)]
  1778 | D:3      | HP: 3/61 [quokka (1)]
  1778 | D:3      | Blown up by Ijyb

Illustrated notes

Levels and vault maps discovered:
D:1:      dpeg_arrival_castle, layout_basic,
          hellmonk_ecumenical_altar_leap_of_faith
D:2:      layout_basic, basic_altar
D:3:      layout_basic, uniq_ijyb

Skill      XL: |  1  2  3  4 |
---------------+-------------+-----
Invocations    | 1 |  1.3
Short Blades   | 1 |  1.2
Long Blades    | 1 |  1.2
Axes           | 1 |  1.2
Maces & Flails | 1 |  1.2
Staves         | 1 |  1.2
Slings         | 1 |  1.2
Bows           | 1 |  1.2
Crossbows      | 1 |  1.2
Throwing       | 1 |  1.2
Armour         | 1 |  1.2
Shields        | 1 |  1.2
Unarmed Combat | 1 |  1.2
Spellcasting   | 1 |  1.2
Evocations     | 1 |  1.2
Conjurations   | 1 |  1.0
Hexes          | 1 |  1.0
Summonings     | 1 |  1.0
Necromancy     | 1 |  1.0
Translocations | 1 |  1.0
Transmutations | 1 |  1.0
Fire Magic     | 1 |  1.0
Ice Magic      | 1 |  1.0
Air Magic      | 1 |  1.0
Earth Magic    | 1 |  1.0
Poison Magic   | 1 |  1.0
Fighting       | |  6.6
Polearms       | |  6.6
Dodging        | |  6.6
Stealth        | |  4.3

Action                   |  1- 3 |  4- 6 || total
-------------------------+-------+-------++-------
Melee: Spear             |    73 |       ||    73
       Bite              |     3 |       ||     3
       Trident           |    63 |    28 ||    91
Throw: Dart              |     1 |     3 ||     4
  Use: Potion            |       |     4 ||     4
       Scroll            |       |     2 ||     2
 Stab: Sleeping          |    11 |     4 ||    15
       Distracted        |     1 |       ||     1
Armor: Robe              |    13 |       ||    13
       Skin              |       |    16 ||    16
Dodge: Dodged            |    71 |    10 ||    81
